Map: 2000 Atmospheres LE

Players

mattjonesss - Winner!

  • Race: Protoss Protoss
  • League: Diamond

Osiris

  • Race: Terran Terran
  • League: Master

VOD

Have the link to the VOD?

Description

Time

  • Played on: May 14, 2021, 7:57 a.m.
  • Length: 18:29
Show
View Real Time Build Order
Export as new Build Order

mattjonesss Protoss - Winner!

Build Orders:  

Get SALT Encoding   

  12  0:01  Probe  
  13  0:13  Probe  
  14  0:18  Pylon  
  14  0:25  Probe (Chrono Boost)  
  15  0:37  Probe (Chrono Boost)  
  15  0:40  Forge  
  16  0:44  Probe (Chrono Boost)  
  17  0:52  Probe  
  17  0:55  Pylon  
  18  1:04  Probe  
  18  1:18  Photon Cannon  
  18  1:20  Pylon  
  18  1:23  Pylon  
  18  1:30  Probe  
  18  1:35  Assimilator  
  18  1:40  Assimilator  
  18  1:47  Gateway  
  18  1:48  Probe  
  19  2:00  Probe  
  20  2:03  Photon Cannon  
  20  2:12  Probe (Chrono Boost)  
  22  2:22  Photon Cannon, Probe (Chrono Boost)  
  22  2:27  Probe (Chrono Boost)  
  23  2:34  Cybernetics Core  
  23  2:45  Photon Cannon  
  23  2:55  Photon Cannon  
  23  3:06  Photon Cannon  
  23  3:14  Stargate  
  23  3:23  Shield Battery  
  23  3:27  Shield Battery  
  23  3:38  Photon Cannon  
  23  3:43  Shield Battery  
  23  3:49  Void Ray (Chrono Boost)  
  27  4:08  Photon Cannon  
  27  4:13  Shield Battery  
  27  4:22  Shield Battery  
  27  4:31  Pylon  
  27  4:38  Probe  
  28  4:52  Fleet Beacon  
  28  5:00  Photon Cannon  
  28  5:08  Probe  
  29  5:17  Photon Cannon  
  29  5:24  Pylon  
  29  5:32  Tempest (Chrono Boost)  
  34  5:56  Nexus  
  34  6:02  Probe  
  35  6:13  Tempest (Chrono Boost)  
  35  6:16  Probe  
  41  6:28  Probe  
  42  6:34  Pylon  
  42  6:40  Probe  
  43  6:49  Tempest (Chrono Boost)  
  43  6:51  Shield Battery  
  43  6:52  Probe  
  49  7:04  Probe  
  50  7:09  Probe  
  50  7:15  Protoss Air Weapons Level 1 (Chrono Boost)  
  51  7:16  Probe  
  51  7:18  Shield Battery  
  52  7:28  Probe  
  53  7:30  Photon Cannon, Probe  
  54  7:38  Tempest  
  54  7:42  Probe  
  61  7:46  Shield Battery  
  61  7:54  Probe  
  61  7:59  Photon Cannon  
  61  8:04  Stargate  
  61  8:07  Shield Battery  
  61  8:08  Shield Battery  
  61  8:16  Probe  
  61  8:18  Assimilator  
  63  8:23  Assimilator  
  63  8:24  Tempest  
  67  8:28  Probe  
  68  8:41  Photon Cannon  
  68  8:42  Pylon  
  68  8:46  Shield Battery  
  68  8:49  Probe  
  68  8:52  Oracle  
  72  9:01  Probe  
  73  9:03  Photon Cannon  
  73  9:05  Photon Cannon  
  73  9:10  Pylon  
  73  9:14  Tempest  
  78  9:24  Pylon  
  78  9:28  Probe  
  79  9:41  Probe  
  79  9:42  Tempest  
  81  10:00  Tempest  
  86  10:10  Unknown  
  83  10:25  Tempest  
  83  10:35  Probe  
  84  10:43  Tempest  
  84  10:47  Probe, Nexus  
  90  10:59  Probe  
  91  11:08  Oracle  
  94  11:19  Pylon  
  94  11:22  Pylon  
  94  11:25  Assimilator  
  94  11:27  Assimilator  
  94  11:30  Protoss Air Weapons Level 2 (Chrono Boost)  
  94  11:37  Probe  
  95  11:49  Probe, Tempest x2  
  106  12:32  Oracle, Tempest  
  104  13:09  Tempest  
  109  13:15  Tempest  
  109  13:22  Probe  
  109  13:25  Gateway  
  110  13:27  Gateway  
  110  13:32  Probe, Gateway  
  110  13:34  Probe  
  112  13:37  Gateway  
  112  13:41  Cybernetics Core, Gateway  
  112  13:44  Probe  
  112  13:46  Probe  
  114  13:52  Tempest  
  114  13:58  Probe, Tempest  
  115  14:10  Probe  
  115  14:16  Probe  
  117  14:21  Warp Gate (Chrono Boost)  
  117  14:22  Probe  
  118  14:28  Probe  
  119  14:37  Tempest  
  119  14:41  Tempest  
  121  15:20  Oracle  
  121  15:42  Protoss Air Weapons Level 3 (Chrono Boost)  
  121  15:44  Tempest  
  111  15:57  Tempest  
  111  16:01  Gateway  
  111  16:04  Probe x2  
  117  16:06  Gateway  
  117  16:07  Pylon  
  117  16:08  Gateway  
  117  16:10  Pylon  
  118  16:11  Pylon  
  118  16:12  Gateway  
  118  16:14  Photon Cannon  
  118  16:16  Photon Cannon, Probe  
  119  16:21  Photon Cannon  
  119  16:22  Shield Battery, Stalker  
  119  16:23  Nexus  
  119  16:24  Pylon  
  121  16:27  Pylon, Tempest  
  121  16:29  Assimilator, Stalker  
  128  16:34  Assimilator  
  128  16:43  Stalker  
  130  16:53  Stalker x2  
  134  17:01  Stalker  
  136  17:10  Tempest  
  141  17:19  Stalker x3  
  147  17:29  Photon Cannon  
  147  17:35  Stalker  
  147  17:36  Stalker x2  
  150  17:58  Stalker  
  150  17:59  Stalker x3  
  150  18:00  Stalker x3  
  164  18:09  Stalker x2  
  164  18:10  Stalker  
  130  18:27  Stalker x2  
  130  18:28  Stalker x3  
  130  18:29  Stalker x2  
Show
View Real Time Build Order
Export as new Build Order

Osiris Terran 

Build Orders: Cyclone Opening 

Get SALT Encoding   

  12  0:00  SCV  
  13  0:12  SCV  
  14  0:17  Supply Depot  
  14  0:24  SCV  
  15  0:38  SCV  
  15  0:40  Barracks  
  16  0:43  Refinery  
  16  0:50  SCV  
  17  1:03  SCV  
  18  1:18  Supply Depot  
  18  1:32  Marine  
  19  1:43  Orbital Command  
  19  1:48  Factory  
  19  1:54  Marine  
  20  2:04  Refinery  
  20  2:11  SCV, Marine  
  22  2:23  SCV  
  23  2:30  Marine  
  23  2:31  Factory Tech Lab  
  23  2:35  SCV  
  25  2:47  SCV  
  25  2:50  Cyclone, Mag-Field Accelerator  
  29  2:54  Supply Depot  
  29  2:59  SCV  
  29  3:01  Marine  
  31  3:16  Supply Depot, SCV  
  32  3:22  Cyclone  
  32  3:27  Marine  
  35  3:33  SCV  
  37  3:39  Supply Depot  
  37  3:44  Marine  
  37  3:45  SCV  
  39  3:55  Cyclone  
  42  4:00  SCV  
  42  4:02  Marine  
  44  4:12  SCV  
  45  4:17  Command Center  
  45  4:24  SCV  
  46  4:30  Marine  
  50  4:31  Cyclone  
  50  4:34  Starport  
  50  4:36  Supply Depot  
  50  4:59  Supply Depot  
  50  5:03  Cyclone  
  53  5:12  Viking  
  55  5:15  Barracks Reactor  
  55  5:17  SCV  
  55  5:19  Command Center  
  56  5:21  Supply Depot  
  59  5:35  Cyclone  
  59  5:36  SCV  
  60  5:59  SCV  
  60  6:00  Medivac  
  60  6:01  Viking  
  65  6:05  Barracks Tech Lab  
  65  6:07  Cyclone  
  68  6:17  SCV  
  69  6:22  Supply Depot  
  69  6:23  Supply Depot  
  69  6:25  Stimpack, Marine  
  70  6:32  Viking, Orbital Command  
  72  6:49  Supply Depot  
  72  6:50  Supply Depot  
  72  6:57  Cyclone, Marine  
  75  7:23  SCV  
  75  7:24  Viking x2  
  80  7:30  Orbital Command  
  80  7:38  Cyclone  
  80  7:43  Marine  
  84  7:55  Viking  
  86  7:59  SCV x2  
  88  8:09  Marine  
  88  8:11  Viking  
  91  8:25  Viking  
  93  8:45  Viking  
  95  8:53  Refinery  
  95  8:55  Refinery  
  95  8:56  SCV x2  
  95  8:57  Viking  
  99  9:08  Command Center  
  99  9:17  Viking  
  99  9:24  SCV  
  102  9:33  Viking  
  102  9:34  Siege Tank  
  105  9:57  Engineering Bay  
  99  10:04  SCV x2  
  99  10:05  Viking x2  
  98  10:33  Planetary Fortress  
  98  10:39  SCV  
  98  10:42  Cyclone  
  97  10:43  Viking x2  
  97  10:45  Command Center  
  98  11:05  Refinery  
  89  11:51  Viking x2  
  90  11:57  Starport  
  90  11:58  Starport  
  85  12:17  Cyclone  
  85  12:21  Viking x2  
  90  12:49  Cyclone  
  90  12:51  Viking x2  
  90  12:56  Starport Reactor x2  
  90  12:58  SCV  
  95  13:00  Planetary Fortress  
  79  13:21  Viking x2  
  79  13:22  Cyclone  
  84  13:37  Viking  
  84  13:38  Barracks  
  84  13:39  SCV x2, Barracks  
  81  13:57  Cyclone  
  79  14:05  Viking x2  
  79  14:06  Viking  
  79  14:07  Viking  
  87  14:23  Barracks x2  
  87  14:25  Refinery  
  87  14:27  Refinery  
  81  14:35  Cyclone, Viking  
  82  14:44  Viking  
  84  14:51  Marine x2  
  79  15:06  Missile Turret  
  76  15:07  Viking x2  
  76  15:09  Marine x2  
  70  15:17  Viking x2  
  74  15:22  Barracks Reactor  
  74  15:32  Marine  
  74  15:34  Marine  
  63  15:53  Viking x2  
  63  16:02  Marine x2  
  65  16:14  SCV x2  
  65  16:15  SCV  
  68  16:22  Missile Turret  
  66  16:38  SCV x3  
  66  16:39  Marine x3  
  71  16:40  Marine x2  
  71  16:43  Barracks Tech Lab  
  74  16:56  Viking x2  
  78  17:02  Marine x2  
  78  17:03  Marine x2  
  80  17:20  Marine  
  77  17:28  Supply Depot  
  77  17:30  Supply Depot  
  77  17:50  Marauder, Marine x4  
  83  17:52  Viking  
  79  18:10  Marine  
  78  18:13  SCV x2  
Tags
 
Add a new tag
Caveats
  • Supply blocks, unpowered buildings, or Contaminate may cause inaccurate times.
  • Supply counts are checked every 10 seconds.